 Dungeon Crawl Stone Soup version 0.31-a0-1068-g5939ac1 (webtiles) character file.

Game seed: 4819294929357098919

8463 PurpleRed the Cleaver (level 11, -7/100 HPs)
             Began as a Meteoran Fighter on Nov 23, 2023.
             Was an Elder of Okawaru.
             Mangled by a two-headed ogre
             ... wielding a +0 giant club
              (20 damage)
             ... on level 11 of the Dungeon.
             The game lasted 00:26:07 (3343 turns).

PurpleRed the Cleaver (Meteoran Fighter)            Turns: 3343, Time: 00:26:08

Health: -7/100     AC: 22    Str: 20    XL:     11   Next: 86%
Magic:  0/17       EV:  7    Int: 10    God:    Okawaru [****..]
Gold:   394        SH:  5    Dex: 14    Spells: 10/10 levels left

rFire   + + +        a - +0 war axe
rCold   x . .        c - +0 buckler
rNeg    . . .        t - +0 plate armour
rPois   +            i - +0 helmet
rElec   .            D - +0 cloak
rCorr   .            e - +0 pair of gloves
SInv    .            F - +1 pair of boots
Will    ++...        K - amulet of guardian spirit Stlth
                     m - ring of the Enemy {rF+++ rC- Will+ AC+4 Str-2}
HPRegen 0.36/turn    J - ring of poison resistance
MPRegen 0.15/turn

%: guardian spirit
@: glowing
A: sense surroundings 2, otherworldly, glowing, explore regen
a: Renounce Religion, Heroism, Finesse


You were on level 11 of the Dungeon.
You worshipped Okawaru.
Okawaru was greatly pleased with you.
You visited 2 branches of the dungeon, and saw 12 of its levels.

You collected 394 gold pieces.

Inventory:

Hand Weapons
 a - a +0 war axe (weapon)
 s - a +0 battleaxe
 v - a +2 flail of holy wrath
 B - a +0 executioner's axe
 H - the +5 flail "Covvig" {heavy, Int+4 SInv}
   (You found it on level 7 of the Dungeon)

   Int+4:     It affects your intelligence (+4).
   SInv:      It lets you see invisible.
 L - a +3 vampiric trident
 Q - a +2 hand axe of venom
Missiles
 n - 9 curare-tipped darts
 o - 3 boomerangs
 q - 11 poisoned darts
Armour
 b - a +0 scale mail
 c - a +0 buckler (worn)
 e - a +0 pair of gloves (worn)
 i - a +0 helmet (worn)
 t - a +0 plate armour (worn)
 w - a scarf of harm
 z - +0 swamp dragon scales
 D - a +0 cloak (worn)
 F - a +1 pair of boots (worn)
Jewellery
 m - the ring of the Enemy (left hand) {rF+++ rC- Will+ AC+4 Str-2}
   (You acquired it on level 4 of the Dungeon)

   [ring of protection]

   AC+4:      It affects your AC (+4).
   Str-2:     It affects your strength (-2).
   rF+++:     It renders you almost immune to fire.
   rC-:       It makes you vulnerable to cold.
   Will+:     It increases your willpower.
 J - a ring of poison resistance (right hand)
 K - an amulet of guardian spirit (around neck)
Wands
 h - a wand of flame (2)
 j - a wand of paralysis (19)
 E - a wand of iceblast (6)
 N - a wand of mindburst (18)
Scrolls
 u - 3 scrolls of teleportation
 x - a scroll of torment
 y - 2 scrolls of blinking
 A - a scroll of silence
 C - 2 scrolls of vulnerability
 G - a scroll of poison
 O - a scroll of fear
 R - a scroll of amnesia
Potions
 d - a potion of might
 f - 2 potions of mutation
 g - a potion of heal wounds
 k - 5 potions of curing
 l - a potion of magic
 p - a potion of brilliance
 r - a potion of ambrosia
 I - 2 potions of lignification
 P - 2 potions of haste


   Skills:
 + Level 10.2 Fighting
 * Level 14.7 Axes
 - Level 6.0 Armour
 - Level 4.0 Dodging
 - Level 3.2 Shields
 + Level 7.4 Invocations


You had 10 spell levels left.
You didn't know any spells.
Your spell library contained the following spells:

 Spells                   Type           Power      Damage    Failure   Level
 Apportation              Tloc           0%         N/A       100%        1
 Necrotise                Necr           0%         1d4       100%        1
 Blink                    Tloc           0%         N/A       100%        2
 Manifold Assault         Tloc           0%         N/A       100%        4
 Summon Small Mammal      Summ           Unusable   N/A       N/A         1
 Call Canine Familiar     Summ           Unusable   N/A       N/A         3
 Summon Guardian Golem    Hex/Summ       Unusable   N/A       N/A         3

Dungeon Overview and Level Annotations

Branches:
Dungeon (12/15) Zot: 3225  Temple (1/1) D:7 Zot: 598    Lair (0/5) D:8
    Orc: D:9-12

Altars:
Ashenzari
Elyvilon
Gozag
Hepliaklqana
Makhleb
Nemelex Xobeh
Okawaru
Sif Muna
Trog
Uskayaw
Vehumet
Yredelemnul
Zin
The Shining One

Shops:
D:1 :   D:12 (


Innate Abilities, Weirdness & Mutations

You passively map the area around you.
You are easily found by Zot.
You glow in the dark.
You regain HP and MP as you explore.


Message History

You hit the polar bear but do no damage.
The polar bear bites you.
The polar bear claws you but does no damage.
The polar bear barely misses you.
The two-headed ogre hits you with a +0 giant club! x2
The polar bear bites you!!
* * * LOW HITPOINT WARNING * * *
The polar bear claws you but does no damage. x2
You barely miss the polar bear.
The polar bear is severely wounded.
You slash the two-headed ogre! You closely miss the polar bear.
You block the polar bear's attack.
The polar bear claws you but does no damage.
The polar bear barely misses you. x2
The polar bear claws you but does no damage.
You block the polar bear's attack. The two-headed ogre closely misses you.
The two-headed ogre hits you with a +0 giant club.
* * * LOW HITPOINT WARNING * * *
You hit the polar bear.
The polar bear is almost dead.
You slash the two-headed ogre!
You hit the polar bear but do no damage.
The polar bear bites you but does no damage.
The polar bear closely misses you.
The polar bear claws you but does no damage.
The polar bear bites you but does no damage.
The polar bear claws you but does no damage. x2
You block the polar bear's attack.
The polar bear claws you but does no damage. x2
You barely miss the polar bear.
The polar bear is severely wounded.
You barely miss the polar bear. You hit the two-headed ogre.
The polar bear bites you!
* * * LOW HITPOINT WARNING * * *
You block the polar bear's attack. The polar bear claws you.
* * * LOW HITPOINT WARNING * * *
The polar bear bites you but does no damage.
The polar bear claws you but does no damage. x2
The two-headed ogre hits you with a +0 giant club!!
You die...

,* , *** *
#............. *
*
#.#..#........,*
#....#........ *
, *#....:.......
#........... ,
#........... * *
, #..hhO...... ,
#@##* ** #..##
##..# ##.#
###'####
#......#
#......#** * *
#......+ , , ,
#......# ** *


You could see a two-headed ogre and 2 polar bears.

Vanquished Creatures
  A boulder beetle (D:11)
  3 cyclopes
  2 ugly things (D:12)
  A manticore (D:12)
  An elephant (D:8)
  A gargoyle (D:11)
  Maggie (D:7)
  Jeremiah (D:8)
  3 trolls
  Sigmund (D:2)
  A yak (D:8)
  2 wyverns (D:7)
  A basilisk (D:8)
  A wraith (D:12)
  A vampire mosquito (D:11)
  Menkaure (D:7)
  Edmund (D:5)
  2 water moccasins (D:7)
  An ice beast (D:7)
  An orc warrior (D:8)
  3 black bears
  A sky beast (D:5)
  An ogre (D:5)
  2 centaurs
  2 kobold brigands
  A bullfrog (D:8)
  Blork the orc (D:5)
  4 scorpions
  2 killer bees (D:11)
  3 howler monkeys (D:8)
  2 hounds
  Crazy Yiuf (D:6)
  A jelly (D:8)
  A gnoll bouda (D:8)
  6 orc priests
  Jessica (D:2)
  6 iguanas
  Natasha (twice) (D:2)
  5 orc wizards
  Robin (D:1)
  5 gnolls
  2 adders
  3 river rats (D:5)
  2 worms (D:2)
  3 dart slugs
  20 orcs
  4 ball pythons
  2 bats
  6 endoplasms
  3 giant cockroaches
  5 hobgoblins
  6 jackals (D:1)
  2 quokkas
  3 frilled lizards
  14 goblins
  15 kobolds
  6 rats
174 creatures vanquished.

Vanquished Creatures (others)
  An orc wizard (D:11)
  A kobold (D:7)
2 creatures vanquished.

Grand Total: 176 creatures vanquished

Notes
Turn   | Place    | Note
-------+----------+-------------------------------------------
     0 | D:1      | PurpleRed the Meteoran Fighter began the quest for the Orb.
     0 | D:1      | Reached XP level 1. HP: 19/19 MP: 2/2
    77 | D:1      | Reached skill level 3 in Axes
    77 | D:1      | Reached XP level 2. HP: 15/26 MP: 3/3
    97 | D:2      | Noticed Robin
   101 | D:2      | Reached XP level 3. HP: 33/33 MP: 4/4
   158 | D:1      | Killed Robin
   180 | D:2      | Reached skill level 4 in Axes
   181 | D:2      | Reached XP level 4. HP: 21/40 MP: 5/5
   186 | D:2      | Noticed Sigmund
   217 | D:1      | Found Gafei's Book Emporium.
   417 | D:2      | Noticed Jessica
   425 | D:2      | Killed Jessica
   426 | D:2      | Reached skill level 5 in Axes
   426 | D:2      | Reached XP level 5. HP: 47/47 MP: 6/6
   485 | D:2      | Noticed Natasha
   585 | D:2      | Killed Natasha
   607 | D:2      | Noticed Natasha
   614 | D:2      | Killed Natasha
   615 | D:2      | Reached XP level 6. HP: 31/53 MP: 7/7
   620 | D:2      | Killed Sigmund
   621 | D:2      | Reached skill level 5 in Fighting
   621 | D:2      | Reached skill level 6 in Axes
   621 | D:2      | Reached XP level 7. HP: 32/61 MP: 8/8
   660 | D:4      | Identified a scroll of acquirement
   660 | D:4      | Acquired the ring of the Enemy {rF+++ rC- Will+ AC+4 Str-2}
   732 | D:5      | Entered Level 5 of the Dungeon
   741 | D:5      | Found a broken altar of Ashenzari.
   749 | D:5      | Reached skill level 7 in Axes
   817 | D:5      | Reached skill level 8 in Axes
   817 | D:5      | Reached XP level 8. HP: 13/70 MP: 9/9
  1292 | D:5      | Noticed Edmund
  1300 | D:5      | Killed Edmund
  1301 | D:5      | Reached skill level 1 in Dodging
  1353 | D:5      | Found a sparkling altar of Nemelex Xobeh.
  1518 | D:5      | Noticed Blork the orc
  1531 | D:5      | Killed Blork the orc
  1532 | D:5      | Reached skill level 9 in Axes
  1609 | D:6      | Gained mutation: You passively map the area around you.
                  | [Meteoran growth]
  1609 | D:6      | Reached XP level 9. HP: 63/78 MP: 10/10
  1638 | D:5      | Found a white marble altar of Elyvilon.
  1644 | D:5      | Found a glowing silver altar of Zin.
  1644 | D:5      | Found a glowing golden altar of the Shining One.
  1760 | D:7      | Noticed Menkaure
  1764 | D:7      | Killed Menkaure
  1765 | D:7      | Reached skill level 10 in Axes
  1939 | D:6      | Found a runed translucent door.
  1940 | D:6      | Noticed Crazy Yiuf
  1946 | D:6      | Killed Crazy Yiuf
  2092 | D:8      | Found an iron altar of Okawaru.
  2111 | D:8      | Became a worshipper of Warmaster Okawaru
  2153 | D:8      | Reached skill level 1 in Invocations
  2208 | D:7      | Noticed Maggie
  2221 | D:7      | Reached skill level 11 in Axes
  2224 | D:7      | Reached * piety under Okawaru
  2231 | D:7      | Reached XP level 10. HP: 64/88 MP: 12/12
  2261 | D:7      | Killed Maggie
  2271 | D:7      | Found a burning altar of Makhleb.
  2337 | D:7      | Found a staircase to the Ecumenical Temple.
  2352 | D:7      | Identified the +5 flail "Covvig" {heavy, Int+4 SInv}
  2356 | Temple   | Entered the Ecumenical Temple
  2405 | D:8      | Found a staircase to the Lair.
  2405 | D:8      | Noticed an elephant
  2409 | D:8      | Noticed Jeremiah
  2433 | D:8      | Reached skill level 12 in Axes
  2433 | D:8      | Reached ** piety under Okawaru
  2448 | D:8      | Killed an elephant
  2449 | D:8      | Reached skill level 5 in Invocations
  2634 | D:8      | Killed Jeremiah
  2635 | D:8      | Reached skill level 13 in Axes
  2770 | D:8      | Noticed a cyclops
  2781 | D:8      | Killed a cyclops
  2781 | D:8      | Reached *** piety under Okawaru
  2782 | D:8      | Reached XP level 11. HP: 62/97 MP: 11/15
  2887 | D:9      | You fall into a shaft and drop 3 floors!
  2922 | D:12     | Noticed a red ugly thing
  2940 | D:12     | Killed a red ugly thing
  2944 | D:12     | Reached **** piety under Okawaru
  2953 | D:12     | Noticed a cyclops
  2977 | D:12     | Killed a cyclops
  2978 | D:12     | Reached skill level 5 in Armour
  2999 | D:12     | Found Suraini's Weapon Boutique.
  2999 | D:12     | Noticed a green ugly thing
  3004 | D:12     | Noticed a manticore
  3014 | D:12     | Noticed a cyclops
  3024 | D:12     | Killed a manticore
  3025 | D:12     | Reached skill level 14 in Axes
  3025 | D:12     | Killed a green ugly thing
  3036 | D:12     | Killed a cyclops
  3037 | D:12     | Reached skill level 10 in Fighting
  3114 | D:11     | Noticed a boulder beetle
  3166 | D:11     | Killed a boulder beetle
  3329 | D:11     | Noticed a two-headed ogre
  3343 | D:11     | Mangled by a two-headed ogre

Illustrated notes

Levels and vault maps discovered:
D:1:      dpeg_arrival_stone_temple_mockup, layout_basic, serial_shops, shop
D:2:      layout_rooms, ebering_ecumenical_altar_box, uniq_sigmund,
          uniq_jessica, uniq_robin, uniq_natasha
D:3:      minmay_roachtagon, layout_loops_ring
D:4:      layout_basic, mainiacjoe_overflow_big_doors
D:5:      wad_woods_stonehenge, layout_basic, good_gods_mini_temple,
          mainiacjoe_overflow_chevrons, uniq_blork_the_orc, uniq_edmund
D:6:      layout_cave_pools, uniq_crazy_yiuf_cottage
D:7:      layout_basic, lightli_temple_of_fire, minmay_temple_entry_offerings,
          uniq_menkaure, uniq_maggie, uniq_pikel
D:8:      layout_loops_cross, mainiacjoe_overflow_paths, david_lair_generic,
          onia_ninara_dug_in_and_dangerous, uniq_jeremiah
D:9:      layout_cave_pods, lemuel_round_altar, minitemple,
          mainiacjoe_overflow_alcove_1, serial_shops, shop, minivault_13
D:11:     layout_roguey, serial_ice, serial_ice_c, serial_ice_k, serial_ice_n,
          serial_ice_g, nicolae_sextant, minmay_fractal_squares_gapless_5,
          uniq_nergalle
D:12:     layout_rooms, orc_0_dummy, serial_shops, nicolae_shop_hallway_plus,
          uniq_urug, uniq_fannar
Temple:   pf_temple_reverse_labyrinth

Skill      XL: |  1  2  3  4  5  6  7  8  9 10 11 |
---------------+----------------------------------+-----
Axes           | 3 4 5 6 8 9 11 13 14 | 14.7
Fighting       | 4 5 6 7 9 10 | 10.2
Dodging        | 2 4 |  4.0
Armour         | 4 6 |  6.0
Invocations    | 2 5 7 |  7.4
Shields        | |  3.2

Action                     |  1- 3 |  4- 6 |  7- 9 | 10-12 || total
---------------------------+-------+-------+-------+-------++-------
  Melee: War axe           |    40 |    97 |   262 |   304 ||   703
  Throw: Dart              |       |       |     5 |     1 ||     6
 Invoke: Heroism           |       |       |       |     4 ||     4
  Evoke: Wand              |       |     5 |     4 |     6 ||    15
    Use: Potion            |       |     1 |     1 |     1 ||     3
         Scroll            |       |       |    14 |     5 ||    19
   Stab: Paralysed         |       |       |       |     9 ||     9
 Armour: Scale mail        |    40 |   104 |    67 |       ||   211
         Skin              |       |       |    33 |       ||    33
         Plate armour      |       |       |   197 |   328 ||   525
  Dodge: Dodged            |    31 |    45 |    80 |   102 ||   258
  Block: Buckler           |    17 |    31 |    48 |    75 ||   171

Table legend: (Time is in decaauts)
 A = Elapsed time spent in this place.
 B = Non-inter-level travel time spent in this place.
 C = Inter-level travel time spent in this place.
 D = Time resting spent in this place.
 E = Time spent auto-exploring this place.
 F = Levels seen in this place.
 G = Mean time per level.
                   A        B        C        D        E       F      G
               +--------+--------+--------+--------+--------+-----+--------+
         Total |   3375 |   3362 |     13 |    258 |      0 |  12 |  281.2 |
       Dungeon |   3373 |   3360 |     13 |    258 |      0 |  11 |  306.6 |
        Temple |      1 |      1 |      0 |      0 |      0 |   1 |    1.0 |
               +--------+--------+--------+--------+--------+-----+--------+

Top non-repeatable levels by time:
     D:5: 652 daAuts
     D:8: 454 daAuts
     D:1: 432 daAuts
     D:7: 404 daAuts
     D:4: 378 daAuts
     D:6: 334 daAuts
    D:11: 259 daAuts
     D:2: 229 daAuts
    D:12: 165 daAuts
     D:3: 46 daAuts
     D:9: 17 daAuts
  Temple: 1 daAuts
